 Dungeon Crawl Stone Soup version 0.17-a0-1804-gf6433eb (webtiles) character file.

8178 Medved the Cleaver (level 11, -2/99 HPs)
             Began as a Minotaur Berserker on Sept 11, 2015.
             Was a High Priest of Trog.
             Asphyxiated
             ... on level 4 of the Orcish Mines.
             The game lasted 00:31:22 (11869 turns).

Medved the Cleaver (Minotaur Berserker)            Turns: 11869, Time: 00:31:23

Health: -2/99      AC: 12    Str: 25    XL:     11   Next: 6%
Magic:  10/10      EV:  6    Int:  5    God:    Trog [*****.]
Gold:   1145       SH:  0    Dex:  9    Spells: 0 memorised, 10 levels left

rFire  . . .     SeeInvis .     K - +0 battleaxe
rCold  . . .     Clarity  .     P - +0 plate armour
rNeg   . . .     SustAt   .     (no shield)
rPois  .         Gourm    .     (helmet restricted)
rElec  .         Spirit   .     h - +0 cloak
rCorr  .         Warding  .     w - +0 pair of gloves
rMut   .         Stasis   .     (no boots)
MR     .....                    (no amulet)
Stlth  ..........               (no ring)
                                (no ring)

@: lethally poisoned (-2 -> -32), exhausted, slowed, very heavily drained, very
slow, not resistant to hostile enchantments, extremely unstealthy
A: retaliatory headbutt, horns 2
a: Burn Spellbooks, Berserk, Trog's Hand, Brothers in Arms, Renounce Religion


You were on level 4 of the Orcish Mines.
You worshipped Trog.
Trog was extremely pleased with you.
You were hungry.

You visited 2 branches of the dungeon, and saw 13 of its levels.

You collected 1145 gold pieces.

Inventory:

Hand weapons
 a - a +0 hand axe
 K - a +0 battleaxe (weapon)
Armour
 b - a +0 animal skin
 h - a +0 cloak (worn)
 w - a +0 pair of gloves (worn)
 P - a +0 plate armour (worn)
Jewellery
 v - an uncursed amulet of stasis
 E - an uncursed ring of wizardry
 N - an uncursed ring of flight {unknown}
Magical devices
 F - a wand of confusion (10)
 I - a wand of random effects (26)
 J - a wand of magic darts (25)
 Q - a wand of disintegration (4)
 R - a wand of fireball (9)
 S - a wand of magic darts (27)
 U - a wand of paralysis (11)
 V - a wand of fire (9)
 W - a wand of digging (12)
Scrolls
 e - 8 scrolls of remove curse {unknown}
 j - 6 scrolls of identify
 l - 2 scrolls of random uselessness {unknown}
 m - 5 scrolls of fog
 p - 2 scrolls of fear {unknown}
 t - 2 scrolls of teleportation {unknown}
 u - 2 scrolls of recharging {unknown}
 x - a scroll of noise {unknown}
 B - a scroll of magic mapping {unknown}
 C - a scroll of immolation {unknown}
 M - a scroll of summoning {unknown}
 O - a scroll of enchant armour {unknown}
 X - a scroll of brand weapon {unknown}
 Z - 3 scrolls of holy word {unknown}
Potions
 f - a potion of ambrosia {unknown}
 g - 4 potions of agility
 i - 3 potions of heal wounds
 o - 2 potions of brilliance {unknown}
 r - 4 potions of poison
 s - 2 potions of flight {unknown}
 z - a potion of cure mutation {unknown}
 A - 2 potions of cancellation {unknown}
 D - 2 potions of haste {unknown}
 G - 2 potions of invisibility {unknown}
 L - a potion of mutation {unknown}
 Y - a potion of resistance {unknown}
Comestibles
 c - 6 bread rations
 d - 38 fruits
 n - a chunk of flesh
 q - 3 beef jerkies


   Skills:
 + Level 9.8(0.0) Fighting
 * Level 14.7(0.0) Axes
 * Level 10.7(0.0) Armour
 - Level 2.1(0.0) Dodging


You had 10 spell levels left.
You didn't know any spells.

Dungeon Overview and Level Annotations

Branches:
Dungeon (9/15)             Temple (0/1) D:6            Lair (0/8) D:9
    Orc (4/4) D:9             Elf (0/3) Orc:3

Altars:
Ashenzari
Dithmenos
Elyvilon
Fedhas
Gozag
Okawaru
Qazlal
Ru
Sif Muna
Trog
Yredelemnul
Beogh

Shops:
D:7 =   Orc:2 }   Orc:3 :

Annotations:
Orc:4 Sonja


Innate Abilities, Weirdness & Mutations

You reflexively headbutt those who attack you in melee.
You have a pair of horns on your head.


Message History

You see here 2 curare-tipped needles.
Eat one of 2 chunks of flesh? (ye/n/q/i?) This raw flesh tastes terrible.
You are feeling hungry.
* * * LOW HITPOINT WARNING * * *
You feel very sick.
Sonja shoots a curare-tipped needle.
The curare-tipped needle hits you.
You are more poisoned.
You have difficulty breathing.
* * * LOW HITPOINT WARNING * * *
You feel as though you will be slow longer.
You continue eating.
* * * LOW HITPOINT WARNING * * *
You feel very sick.
Sonja shoots a curare-tipped needle.
The curare-tipped needle closely misses you.
Sonja shoots a curare-tipped needle.
The curare-tipped needle hits you.
You are more poisoned.
You have difficulty breathing.
You die...

....4. ....K. ......
...... .... ##.. ##)## .
##(.@# ..
##.((##........###
##....#...........##
#..................###
##.#........K...#....##
##.#...........#......
##.....................
#...K....ยง.............
##............#........


You could see Sonja.

Vanquished Creatures
  An unseen horror (D:9)
  2 orc sorcerers
  A spiny frog (D:9)
  A two-headed ogre (D:8)
  A blink frog (D:9)
  6 yaks (D:9)
  A hippogriff (D:8)
  A hungry ghost (D:9)
  Duvessa (D:6)
  10 orc warriors
  A phantom (D:6)
  An ice beast (D:5)
  7 spiders (D:9)
  A centaur (D:9)
  8 ogres
  3 sky beasts
  A big kobold (D:8)
  An elf skeleton (D:4)
  Dowan (D:6)
  3 giant frogs
  A wyvern skeleton (D:9)
  A water moccasin skeleton (D:6)
  A wight (D:7)
  A scorpion (D:8)
  3 crimson imps
  2 centaur zombies
  An iguana (D:7)
  8 orc priests
  2 giant frog skeletons
  A gnoll shaman (D:8)
  3 hounds
  A human zombie (D:4)
  A centaur skeleton (D:4)
  A sheep (D:9)
  14 orc wizards
  4 worker ants
  A hound zombie (D:7)
  A hound skeleton (D:7)
  8 adders
  6 gnolls (D:8)
  3 shadow imps
  2 oozes
  3 adder zombies
  2 worms
  7 giant geckos
  84 orcs
  3 ball pythons
  5 bats
  6 giant cockroaches
  11 hobgoblins
  15 jackals
  3 kobolds (D:1)
  3 quokkas (D:6)
  A giant gecko skeleton (D:5)
  A giant newt (D:3)
  7 goblins
  A jackal zombie (D:5)
  4 orc skeletons (D:4)
  13 rats
287 creatures vanquished.

Notes
Turn   | Place    | Note
--------------------------------------------------------------
     0 | D:1      | Medved the Minotaur Berserker began the quest for the Orb.
     0 | D:1      | Reached XP level 1. HP: 19/19 MP: 0/0
   402 | D:1      | Reached skill level 4 in Axes
   402 | D:1      | Reached XP level 2. HP: 27/27 MP: 1/1
  1031 | D:2      | Reached XP level 3. HP: 22/33 MP: 2/2
  1047 | D:2      | Acquired Trog's second power
  1231 | D:2      | Found a sacrificial altar of Ru.
  1264 | D:2      | Reached XP level 4. HP: 26/40 MP: 3/3
  1265 | D:2      | Reached skill level 5 in Axes
  2359 | D:3      | Reached XP level 5. HP: 41/47 MP: 4/4
  2395 | D:3      | Found a white marble altar of Elyvilon.
  2554 | D:3      | Reached skill level 6 in Axes
  3042 | D:4      | Reached XP level 6. HP: 53/55 MP: 5/5
  3078 | D:4      | Got an ebony falchion
  3201 | D:4      | Reached skill level 7 in Axes
  3265 | D:4      | You fall through a shaft!
  3265 | D:5      | Entered Level 5 of the Dungeon
  3449 | D:4      | Reached skill level 5 in Fighting
  3720 | D:4      | Found a deep blue altar of Sif Muna.
  4252 | D:5      | Found a stormy altar of Qazlal.
  4275 | D:5      | Acquired Trog's third power
  4291 | D:5      | Reached skill level 8 in Axes
  4294 | D:5      | Reached XP level 7. HP: 61/61 MP: 6/6
  4330 | D:5      | Found Usueb's Jewellery Shoppe.
  4659 | D:5      | Identified the cursed +0 falchion of Texepp {slice, Str+4 Int+6} (You found it on level 4 of the Dungeon)
  4760 | D:6      | Reached skill level 9 in Axes
  5020 | D:6      | Reached skill level 5 in Armour
  5020 | D:6      | Reached XP level 8. HP: 45/71 MP: 7/7
  5284 | D:6      | Found a staircase to the Ecumenical Temple.
  5474 | D:6      | Found an opulent altar of Gozag.
  5515 | D:6      | Found a white marble altar of Elyvilon.
  5591 | D:6      | Noticed Duvessa
  5591 | D:6      | Noticed Dowan
  5598 | D:6      | Killed Duvessa
  5598 | D:6      | Reached skill level 10 in Axes
  5601 | D:6      | Killed Dowan
  6225 | D:6      | Found a shadowy altar of Dithmenos.
  6383 | D:7      | Found a shattered altar of Ashenzari.
  6564 | D:7      | Found a blossoming altar of Fedhas.
  6658 | D:7      | Reached skill level 11 in Axes
  6862 | D:7      | Found Urhoxt's Jewellery Emporium.
  6912 | D:7      | HP: 1/73 [orc warrior/hand axe (16)]
  7284 | D:8      | Noticed a two-headed ogre
  7295 | D:8      | Killed a two-headed ogre
  7295 | D:8      | Reached XP level 9. HP: 18/81 MP: 8/8
  8053 | D:8      | Reached skill level 12 in Axes
  8472 | D:9      | Received a gift from Trog
  8474 | D:9      | Found a staircase to the Orcish Mines.
  8701 | D:9      | Found a basalt altar of Yredelemnul.
  8729 | D:9      | Reached skill level 13 in Axes
  8752 | D:9      | Found a roughly hewn altar of Beogh.
  8777 | D:9      | Reached XP level 10. HP: 61/90 MP: 9/9
  9009 | D:9      | Noticed a spiny frog
  9021 | D:9      | Killed a spiny frog
  9661 | D:9      | Found a staircase to the Lair.
  9695 | D:9      | Found an iron altar of Okawaru.
  9729 | D:9      | Reached skill level 14 in Axes
  9912 | D:9      | Killed an unseen horror
  9912 | D:9      | Reached skill level 10 in Armour
 10434 | Orc:1    | Entered Level 1 of the Orcish Mines
 10450 | Orc:1    | Received a gift from Trog
 10843 | Orc:2    | Found Baemuet's Quality Used Wands.
 11193 | Orc:3    | Noticed an orc sorcerer
 11196 | Orc:3    | Noticed a rust devil
 11197 | Orc:3    | Noticed an ice devil
 11207 | Orc:3    | Killed an ice devil
 11207 | Orc:3    | Paralysed by an orc sorcerer for 2 turns
 11210 | Orc:3    | Killed an orc sorcerer
 11550 | Orc:3    | Found Sobigh's Book Boutique.
 11569 | Orc:3    | Reached XP level 11. HP: 96/99 MP: 10/10
 11627 | Orc:3    | Found a staircase to the Elven Halls.
 11679 | Orc:3    | Found a bloodstained altar of Trog.
 11744 | Orc:4    | Entered Level 4 of the Orcish Mines
 11837 | Orc:4    | Noticed Sonja
 11864 | Orc:4    | HP: 3/99 [poison (a potion of poison)]
 11869 | Orc:4    | Asphyxiated

Vault maps used:
D:1:      dpeg_arrival_windows_large_door, serial_bayou_pond_c,
          corexii_corridor_pit
D:2:      nicolae_ru_path_of_blood
D:3:      lemuel_doored_altar
D:4:      overflow_temple_1_default, nicolae_ossuary_entry_catacombs
D:5:      nicolae_qazlal_general_emergency, first_bread, serial_shops,
          nicolae_shop_behind_doors
D:6:      nicolae_gozag_cash_rules_everything_around_me,
          minmay_temple_entry_overgrown, basic_altar,
          nicolae_dithmenos_through_a_glass_darkly, uniq_duvessa
D:7:      fedhas_altar_fruit_tree, basic_altar, serial_shops, shop_fountains
D:8:      blue_anna_alchemist
D:9:      lemuel_crystal_altar, dpeg_lair_monsters,
          minmay_orc_entry_temple_small, spider_trap, yredelemnul_altar_generic
Orc:2:    nicolae_for_you_no_charge
Orc:3:    serial_shops, nicolae_shop_overgrown_old_shop,
          nicolae_shop_waterfront, shop_statue, nicolae_orc_pool_cavern,
          trog_book
Orc:4:    grunt_orc_tribal_feast, portal_ice_cave_entry_animals_and_master,
          uniq_sonja

Action                   |  1- 3 |  4- 6 |  7- 9 | 10-12 || total
-------------------------+-------+-------+-------+-------++-------
Melee: Hand axe          |    84 |   179 |   107 |       ||   370
       Battleaxe         |       |       |   189 |   183 ||   372
Invok: Berserk           |       |     1 |     3 |     4 ||     8
  Use: Scroll            |       |       |     4 |       ||     4
       Potion            |       |       |     4 |     4 ||     8
  Eat: Chunk             |     1 |    10 |    14 |     9 ||    34
       Bread ration      |       |       |     1 |       ||     1
       Meat ration       |       |       |       |     1 ||     1
